 Dungeon Sprint DCSS version 0.15.2 (webtiles) character file.

1914 Groucho the Jinx (level 8, -3/43 (44) HPs)
             Began as a Spriggan Enchanter on Apr 23, 2016.
             Was a Believer of Dithmenos.
             Engulfed by a death drake's foul pestilence (5 damage)
             ... in the Dungeon (Sprint II: "The Violet Keep of Menkaure").
             The game lasted 00:15:09 (2152 turns).

Groucho the Jinx (Spriggan Enchanter)               Turns: 2152, Time: 00:15:09

HP  -3/43 (44)   AC  3     Str  5      XL: 8   Next: 95%
MP  27/30        EV 27     Int 16      God: Dithmenos [**....]
Gold 285         SH  0     Dex 18      Spells:  4 memorised, 22 levels left

rFire  . . .     SeeInvis +     a - +1 dagger
rCold  . . .     Clarity  .     b - +1 robe
rNeg   . . .     rCorr    .     (shield restricted)
rPois  .         rRot     .     (helmet restricted)
rElec  .         Spirit   .     (no cloak)
SustAb .         Warding  .     (gloves unavailable)
rMut   .         NoTele   +     (boots unavailable)
Gourm  .                        (no amulet)
MR     +....                    (no ring)
                                k - ring of flight

@: lethally poisoned, flying, slowed, wreathed by umbra, quick, somewhat
resistant to hostile enchantments, extremely stealthy
A: unfitting armour, see invisible, herbivore 3, speed 3, slow metabolism 2
a: Shadow Step, Renounce Religion, Stop Flying


You were in the Dungeon.
You worshipped Dithmenos.
Dithmenos was pleased with you.
You were not hungry.

You visited 1 branch You collected 1053 gold pieces.
You spent 768 gold pieces at shops.

Inventory:

Hand weapons
 a - a +1 dagger (weapon)
Armour
 b - a +1 robe (worn)
Jewellery
 k - a ring of flight (left hand)
Potions
 d - a potion of porridge
 g - a potion of haste
 h - 2 potions of magic
 i - a potion of berserk rage
Books
 c - a book of Maledictions

   Spells                             Type                      Level
   *Corona                            Hexes                        1
   Sure Blade                         Hexes/Charms                 2
   *Ensorcelled Hibernation           Hexes/Ice                    2
   *Confuse                           Hexes                        3
   *Dazzling Spray                    Conjuration/Hexes            3
   Enslavement                        Hexes                        4
 l - a book of Geomancy

   Spells                             Type                      Level
   Sandblast                          Earth                        1
   Stoneskin                          Transmutation/Earth          2
   Passwall                           Transmutation/Earth          3
   Stone Arrow                        Conjuration/Earth            3
   Petrify                            Transmutation/Earth          4
   Lee's Rapid Deconstruction         Earth                        5


   Skills:
 + Level 5.7 Fighting
 + Level 7.8 Short Blades
 + Level 10.6 Dodging
 + Level 11.6 Stealth
 * Level 12.2 Spellcasting
 * Level 12.4 Hexes


You had 22 spell levels left.
You knew the following spells:

 Your Spells              Type           Power        Failure   Level  Hunger
a - Corona                Hex            #####..      1%          1    None
b - Ensorcelled Hibernat  Hex/Ice        ####..       1%          2    None
c - Confuse               Hex            #####...     1%          3    None
d - Dazzling Spray        Conj/Hex       ####....     1%          3    None


Dungeon Overview and Level Annotations

Branches:
Dungeon (1/1)

Altars:
Cheibriados
Dithmenos
Elyvilon
Fedhas
Kikubaaqudgha
Makhleb
Nemelex Xobeh
Okawaru
Qazlal
Sif Muna
Trog
Vehumet
Xom
Yredelemnul
Zin
The Shining One
Beogh
Jiyva
Lugonu

Shops:
D !::%?}=:[[?*[(=!

Annotations:
D exclusion: oklob plant


Innate Abilities, Weirdness & Mutations

You are tiny and cannot use many weapons and most armour.
You have supernaturally acute eyesight.
You are a herbivore.
You cover ground extremely quickly.
You need consume almost no food.


Message History

* * * LOW HITPOINT WARNING * * *
You feel very sick. The death drake breathes miasma at you.
The foul vapour misses you. The death drake closely misses you.
Casting: Confuse
Confirm with . or Enter, or press ? or * to list all spells.
Aiming: Confuse
Press: ? - help, Shift-Dir - straight line, f/p - death drake
Aim: a death drake (foul pestilence, catching its breath, umbra)
The death drake appears confused.
You are engulfed in dark miasma.
You are more poisoned.
* * * LOW HITPOINT WARNING * * *
x2 You feel very sick.
The death drake closely misses you.
Unknown command.
You hit the death drake but do no damage.
You are engulfed in dark miasma.
You are more poisoned.
You feel yourself slow down.
You die...

§§§≈ #§§ ≈≈≈. k +##≈. #. k
.###.#### +.##. ##.#....#
..k####▓?[!? #.####..##
#.§##§#▓![($(?$ '###.##..#
+.§#§§#▓!%!$(?$$ .##..##..#
#§§#@§#▓($)??$%[▓
<.'##.+..####§§##k#▓$(%$[$$)
.##..##..§.###§§.##▓▓▓▓▓▓▓+▓▓
'###.##......§§%)≈≈≈≈≈≈≈≈≈..
#.####≈≈.....§#'########+###
#..#≈≈≈≈≈§≈..≈#....._..#{≈§#
#.##≈≈≈§§≈≈≈.≈#.._._._.#§≈§≈#
+##≈≈≈§≈§§≈≈≈≈#._._._._#≈§§≈≈#
≈≈≈≈≈≈≈≈≈§§≈§≈#_._._._.#§≈≈§≈≈


You could see a death drake (confused).

Vanquished Creatures
  A yaktaur (D)
  2 polar bears (D)
  A baby alligator (D)
  2 boulder beetles (D)
  A vampire mosquito (D)
  Menkaure (D)
  A swamp drake (D)
  A yellow wasp (D)
  A crocodile (D)
  4 brain worms (D)
  4 worker ants (D)
  3 worms (D)
22 creatures vanquished.

Notes
Turn   | Place    | Note
--------------------------------------------------------------
     0 | D        | Groucho, the Spriggan Enchanter, began the quest for the Orb.
     0 | D        | Reached XP level 1. HP: 9/9 MP: 4/4
     1 | D        | Noticed a brain worm
     4 | D        | Killed a brain worm
     4 | D        | Reached skill level 1 in Fighting
     4 | D        | Reached skill level 6 in Stealth
     4 | D        | Reached skill level 5 in Spellcasting
     4 | D        | Reached skill level 5 in Hexes
     4 | D        | Reached XP level 2. HP: 12/15 MP: 5/11
     4 | D        | Reached XP level 3. HP: 14/18 MP: 6/14
    71 | D        | Noticed a brain worm
    72 | D        | Killed a brain worm
    72 | D        | Reached skill level 5 in Dodging
    72 | D        | Reached XP level 4. HP: 21/23 MP: 15/18
    94 | D        | Learned a level 2 spell: Ensorcelled Hibernation
    98 | D        | Learned a level 3 spell: Confuse
   102 | D        | Learned a level 3 spell: Dazzling Spray
   102 | D        | Noticed a brain worm
   102 | D        | Noticed a brain worm
   104 | D        | Killed a brain worm
   104 | D        | Reached skill level 7 in Stealth
   104 | D        | Reached XP level 5. HP: 28/28 MP: 18/21
   108 | D        | Killed a brain worm
   108 | D        | Reached skill level 8 in Stealth
   241 | D        | Found Udegash's Jewellery Boutique.
   241 | D        | Found Fuhafo's Antique Armour Shop.
   241 | D        | Found Klip's Antique Armour Boutique.
   241 | D        | Found Blomm's Magic Scroll Boutique.
   242 | D        | Noticed Menkaure
   246 | D        | Found Xanib's Distillery.
   246 | D        | Found Stienkuett's General Store.
   246 | D        | Found Femub's Book Shop.
   246 | D        | Found Mabloith's Antique Armour Shop.
   247 | D        | Found Gual's Magic Scroll Shop.
   247 | D        | Found Icvy's Antique Weapon Boutique.
   247 | D        | Found Oxoemn's Jewellery Shop.
   247 | D        | Found Visk's Gadget Boutique.
   247 | D        | Noticed a baby alligator
   248 | D        | Killed Menkaure
   248 | D        | Reached skill level 5 in Short Blades
   248 | D        | Reached skill level 9 in Hexes
   248 | D        | Reached XP level 6. HP: 31/33 MP: 14/25
   250 | D        | Noticed a spiny frog
   251 | D        | Found Guch's Book Shop.
   251 | D        | Found Brecac's Food Boutique.
   251 | D        | Noticed a spiny frog
   252 | D        | Found Puloqu's Distillery.
   252 | D        | Noticed an oklob plant
   255 | D        | Noticed a soldier ant
   256 | D        | Noticed a soldier ant
   260 | D        | Killed a baby alligator
   260 | D        | Reached XP level 7. HP: 17/37 MP: 15/27
   264 | D        | Found Ywueg's Book Shoppe.
   264 | D        | Noticed a soldier ant
   271 | D        | Noticed a polar bear
   272 | D        | Noticed a polar bear
   281 | D        | Bought an uncursed ring of flight for 192 gold pieces
   318 | D        | Reached skill level 10 in Hexes
   556 | D        | Noticed a worker ant
   556 | D        | Noticed a worker ant
   556 | D        | Noticed a worker ant
   556 | D        | Noticed a worker ant
   559 | D        | Killed a worker ant
   560 | D        | Killed a worker ant
   563 | D        | Killed a worker ant
   564 | D        | Killed a worker ant
   564 | D        | Reached skill level 10 in Spellcasting
   577 | D        | Noticed a crocodile
   590 | D        | Bought a book of Geomancy for 350 gold pieces
   602 | D        | Killed a crocodile
   602 | D        | Reached skill level 10 in Stealth
   660 | D        | Noticed a boulder beetle
   660 | D        | Noticed a boulder beetle
   669 | D        | Killed a boulder beetle
   669 | D        | Reached skill level 11 in Hexes
   672 | D        | Killed a boulder beetle
   672 | D        | Reached skill level 5 in Fighting
   672 | D        | Reached XP level 8. HP: 37/43 MP: 20/29
   694 | D        | Found a snail-covered altar of Cheibriados.
   694 | D        | Found a viscous altar of Jiyva.
   694 | D        | Found a glowing golden altar of the Shining One.
   696 | D        | Found a basalt altar of Yredelemnul.
   696 | D        | Found a stormy altar of Qazlal.
   696 | D        | Found a glowing silver altar of Zin.
   696 | D        | Found a shimmering altar of Xom.
   697 | D        | Found an iron altar of Okawaru.
   699 | D        | Found a roughly hewn altar of Beogh.
   699 | D        | Found a corrupted altar of Lugonu.
   699 | D        | Found a deep blue altar of Sif Muna.
   699 | D        | Found a blossoming altar of Fedhas.
   699 | D        | Found a burning altar of Makhleb.
   700 | D        | Found an ancient bone altar of Kikubaaqudgha.
   702 | D        | Found a shadowy altar of Dithmenos.
   702 | D        | Found a white marble altar of Elyvilon.
   702 | D        | Found a bloodstained altar of Trog.
   702 | D        | Found a sparkling altar of Nemelex Xobeh.
   702 | D        | Found a radiant altar of Vehumet.
   702 | D        | Noticed a yellow wasp
   702 | D        | Noticed a polar bear
   703 | D        | Noticed a yaktaur
   705 | D        | Noticed a crocodile
   711 | D        | Became a worshipper of Dithmenos the Shadowed
   713 | D        | Noticed a crocodile
   720 | D        | Noticed a polar bear
   723 | D        | Noticed a polar bear
   731 | D        | Killed a yellow wasp
   737 | D        | Killed a polar bear
   737 | D        | Reached skill level 10 in Dodging
   756 | D        | Killed a yaktaur
   756 | D        | Reached skill level 12 in Hexes
   899 | D        | Killed a polar bear
  1562 | D        | Bought a sheer robe for 142 gold pieces
  1567 | D        | Bought a scroll of remove curse for 42 gold pieces
  1579 | D        | Identified the cursed -1 robe of the Hills {rElec MR++} (You bought it in a shop in the Dungeon)
  1579 | D        | Bought a scroll of remove curse for 42 gold pieces
  1657 | D        | Noticed a vampire mosquito
  1663 | D        | Killed a vampire mosquito
  1669 | D        | Noticed a lava snake
  1670 | D        | Noticed a lava snake
  1695 | D        | Noticed an electric eel
  1695 | D        | Noticed an electric eel
  1695 | D        | Noticed an electric eel
  1695 | D        | Noticed an electric eel
  1695 | D        | Noticed an electric eel
  1695 | D        | Noticed an electric eel
  1695 | D        | Noticed an electric eel
  1695 | D        | Noticed an electric eel
  1735 | D        | Noticed a swamp drake
  1754 | D        | Noticed a death drake
  1758 | D        | Noticed a death drake
  1770 | D        | Killed a swamp drake
  1770 | D        | Acquired Dithmenos' first power
  2140 | D        | Noticed a swamp drake
  2151 | D        | HP: 2/44 [poisoned by a death drake (dark miasma)]
  2152 | D        | Engulfed by a death drake's foul pestilence

Action                   |  1- 3 |  4- 6 |  7- 9 || total
-------------------------+-------+-------+-------++-------
Melee: Dagger            |     2 |     5 |    52 ||    59
 Cast: Ensorcelled Hiber |       |     4 |    14 ||    18
       Confuse           |       |     3 |    13 ||    16
 Abil: Evoke Flight      |       |       |     6 ||     6
  Use: Potion            |       |       |     2 ||     2
       Scroll            |       |       |     3 ||     3
 Stab: Sleeping          |     2 |     3 |    12 ||    17
       Confused          |       |     2 |     7 ||     9
